 Dungeon Crawl Stone Soup version 0.29.1-1-gd02db6906a (webtiles) character file.

Game seed: 6370187213096250372

3560 LustLizard the Carver (level 9, -3/71 HPs)
             Began as a Demonspawn Fighter on Oct 4, 2022.
             Was a Follower of Okawaru.
             Slain by an orc knight
             ... wielding a +0 glaive
              (20 damage)
             ... in a bailey.
             The game lasted 00:12:33 (7384 turns).

LustLizard the Carver (Demonspawn Fighter)          Turns: 7384, Time: 00:12:33

Health: -3/71      AC: 17    Str: 17    XL:     9   Next: 83%
Magic:  9/9        EV:  6    Int: 11    God:    Okawaru [*.....]
Gold:   351        SH:  6    Dex: 17    Spells: 6/8 levels left

rFire   + . .      SeeInvis .   a - +1 long sword
rCold   . . .      Faith    .   c - +0 buckler
rNeg    . . .      Spirit   .   p - +0 chain mail
rPois   .          Reflect  .   k - +1 helmet
rElec   .          Harm     .   t - +1 cloak {Will+}
rCorr   .          Rampage  .   r - +2 pair of gloves
Will    +....                   (no boots)
Stlth   ..........              (no amulet)
HPRegen 0.21/turn               D - ring of protection from fire
MPRegen 0.11/turn               (no ring)

@: no status effects
A: hooves 2, spiny 2, big brain 1
a: Renounce Religion, Heroism


You were in a bailey.
You worshipped Okawaru.
Okawaru was aware of your devotion.
You visited 2 branches of the dungeon, and saw 9 of its levels.
You also visited: Bailey.

You collected 351 gold pieces.

Inventory:

Hand Weapons
 a - a +1 long sword (weapon)
 y - the +6 hand axe "Leviticus" {vorpal, rC++ Int+4}
   (You found it on level 5 of the Dungeon)

   It inflicts extra damage upon your enemies.
   Int:       It affects your intelligence (+4).
   rC:        It greatly protects you from cold.
Armour
 b - a +0 scale mail
 c - a +0 buckler (worn)
 k - a +1 helmet (worn)
 p - a +0 chain mail (worn)
 r - a +2 pair of gloves (worn)
 t - a +1 cloak of willpower (worn)
 A - a +1 leather armour of poison resistance
Jewellery
 D - a ring of protection from fire (left hand)
Wands
 l - a wand of iceblast (5)
 w - a wand of paralysis (6) (quivered)
Scrolls
 f - 3 scrolls of teleportation {unknown}
 i - a scroll of fog {unknown}
 n - a scroll of noise {unknown}
 o - 2 scrolls of amnesia {unknown}
 q - 2 scrolls of enchant armour
 x - 3 scrolls of enchant weapon
 B - 2 scrolls of fear {unknown}
 C - a scroll of vulnerability {unknown}
Potions
 d - a potion of might
 e - 5 potions of curing
 g - 4 potions of attraction
 h - 2 potions of flight
 j - 2 potions of lignification
 m - 4 potions of brilliance
 s - 2 potions of degeneration
 u - a potion of berserk rage {unknown}
 v - a potion of invisibility {unknown}
 z - a potion of heal wounds {unknown}


   Skills:
 + Level 6.8 Fighting
 * Level 8.2 Long Blades
 - Level 6.0 Armour
 - Level 6.0 Shields
 * Level 3.6 Translocations


You had 6 spell levels left.
You knew the following spells:

 Your Spells              Type           Power      Damage    Failure   Level
a - Blink                 Tloc           16%        N/A       89%         2

Your spell library contained the following spells:

 Spells                   Type           Power      Damage    Failure   Level
 Lesser Beckoning         Tloc           8%         N/A       98%         3
 Slow                     Hex            0%         N/A       99%         1
 Ensorcelled Hibernation  Hex/Ice        0%         N/A       100%        2
 Sublimation of Blood     Necr           0%         N/A       100%        2
 Wereblood                Tmut           0%         N/A       100%        2
 Confusing Touch          Hex            0%         N/A       100%        3
 Dazzling Flash           Conj/Hex       0%         N/A       100%        3
 Spider Form              Tmut/Pois      0%         N/A       100%        3
 Vampiric Draining        Necr           0%         2d6       100%        3
 Anguish                  Hex/Necr       0%         N/A       100%        4
 Agony                    Necr           0%         N/A       100%        5
 Manifold Assault         Tloc           8%         N/A       100%        5
 Silence                  Hex/Air        0%         N/A       100%        5
 Summon Hydra             Summ           Unusable   N/A       N/A         7

Dungeon Overview and Level Annotations

Branches:
Dungeon (8/15)             Temple (1/1) D:7          Bailey (1/1)
   Lair: D:8-11

Altars:
Ashenzari
Cheibriados
Dithmenos
Fedhas
Gozag
Hepliaklqana
Kikubaaqudgha
Makhleb
Nemelex Xobeh
Okawaru
Qazlal
Ru
Sif Muna
Trog
Uskayaw
Vehumet
Wu Jian
Xom
Yredelemnul

Shops:
D:1 !   D:5 (


Innate Abilities, Weirdness & Mutations

You have hoof-like feet.
You are mostly covered in sharp spines.
You have an unusually large brain. (Int +2)


Message History

The helpless orc knight fails to defend itself.
You hit the orc knight but do no damage.
You kick the orc knight, but do no damage.
The orc knight is moderately wounded.
The helpless orc knight fails to defend itself.
You slash the orc knight!
You kick the orc knight, but do no damage.
The orc knight is heavily wounded.
The helpless orc knight fails to defend itself.
You slash the orc knight!
You kick the orc knight, but do no damage.
The orc knight is heavily wounded.
The orc knight is no longer paralysed.
The orc knight is struck by your spines.
The orc knight hits you with a +0 glaive!
You hit the orc knight but do no damage.
The orc knight is severely wounded.
The orc knight is struck by your spines.
The orc knight hits you with a +0 glaive.
You closely miss the orc knight.
The orc knight is severely wounded.
The orc knight hits you with a +0 glaive.
You hit the orc knight.
The orc knight is severely wounded.
The orc knight hits you with a +0 glaive.
You hit the orc knight but do no damage.
The orc knight is severely wounded.
The orc knight is struck by your spines.
The orc knight hits you with a +0 glaive.
You hit the orc knight but do no damage.
The orc knight is severely wounded.
The orc knight is struck by your spines.
The orc knight hits you with a +0 glaive.
* * * LOW HITPOINT WARNING * * *
You hit the orc knight but do no damage.
Your kick misses the orc knight.
The orc knight is severely wounded.
The orc knight is struck by your spines.
The orc knight hits you with a +0 glaive!!
You die... o

#..♣≈≈≈≈..♣.## o
#...≈≈≈≈.....###
.##.♣.≈≈≈≈..♣....♣♣♣
.#....≈≈≈≈.........♣♣
.#...######.........♣
.#......)........∩..♣
.'......).)).)......♣
.'..........)..o....♣
.#............))@∩..♣
.#...######.........♣
.#....≈≈≈≈..♣......♣♣
.##...≈≈≈≈..♣♣...♣♣♣
. #...≈≈≈≈.....### .
#..≈≈≈≈≈..####
#..≈≈≈≈...#
..≈≈≈≈≈..♣#
.≈≈≈≈≈..♣♣


You could see an orc knight.

Vanquished Creatures
  Grinder (D:3)
  A steam dragon (D:6)
  Edmund (D:6)
  2 water moccasins
  8 orc warriors
  A black bear (D:6)
  2 ogres (D:5)
  3 phantoms
  2 bullfrogs (D:6)
  3 necrophages
  4 scorpions
  3 wights
  6 killer bees (D:7)
  An oklob sapling (D:7)
  2 howler monkeys
  2 jellies
  2 orc priests
  Ijyb (D:4)
  Natasha (thrice) (D:4)
  5 orc wizards
  Robin (D:2)
  9 gnolls
  6 adders
  A shadow imp (D:5)
  An ufetubus (D:6)
  A worm (D:2)
  3 dart slugs
  18 orcs
  4 ball pythons
  7 endoplasms
  3 giant cockroaches
  25 goblins
  14 hobgoblins
  5 quokkas
  3 frilled lizards
  7 kobolds
  5 rats
166 creatures vanquished.

Vanquished Creatures (others)
  An orc (D:8)
  6 plants (D:7)
7 creatures vanquished.

Grand Total: 173 creatures vanquished

Notes
Turn   | Place    | Note
-------+----------+-------------------------------------------
     0 | D:1      | LustLizard the Demonspawn Fighter began the quest for the
                  | Orb.
     0 | D:1      | Reached XP level 1. HP: 18/18 MP: 1/1
    35 | D:1      | Reached skill level 2 in Long Blades
   287 | D:1      | Gained mutation: You have large cloven feet. [demonic
                  | ancestry]
   287 | D:1      | Reached XP level 2. HP: 24/24 MP: 2/2
   526 | D:1      | Found Xygyt's Distillery.
   916 | D:1      | Found a faded altar of an unknown god.
  1048 | D:1      | Gained mutation: You have an unusually large brain. (Int
                  | +2) [demonic ancestry]
  1048 | D:1      | Reached XP level 3. HP: 29/29 MP: 3/3
  1701 | D:2      | Noticed Robin
  1948 | D:2      | Killed Robin
  2202 | D:2      | Gained mutation: You are partially covered in sharp spines.
                  | [demonic ancestry]
  2202 | D:2      | Reached XP level 4. HP: 35/35 MP: 4/4
  2265 | D:2      | Found a burning altar of Makhleb.
  2639 | D:3      | Noticed Grinder
  2644 | D:3      | Killed Grinder
  2645 | D:3      | Reached skill level 3 in Long Blades
  2645 | D:3      | Reached XP level 5. HP: 42/42 MP: 5/5
  2645 | D:3      | Reached XP level 6. HP: 48/48 MP: 6/6
  2759 | D:3      | Reached skill level 4 in Long Blades
  3428 | D:4      | Noticed Natasha
  3440 | D:4      | Killed Natasha
  3448 | D:4      | Reached XP level 7. HP: 22/55 MP: 7/7
  3615 | D:4      | Noticed Natasha
  3624 | D:4      | Killed Natasha
  3690 | D:4      | Noticed Natasha
  3696 | D:4      | Killed Natasha
  3855 | D:4      | Found a burning altar of Makhleb.
  4000 | D:4      | Reached skill level 5 in Long Blades
  4071 | D:4      | Noticed Ijyb
  4116 | D:4      | Killed Ijyb
  4465 | D:5      | Entered Level 5 of the Dungeon
  4568 | D:5      | Found Veoroof's Antique Weapon Emporium.
  4618 | D:5      | Reached skill level 5 in Fighting
  4813 | D:5      | Gained mutation: You are mostly covered in sharp spines.
                  | [demonic ancestry]
  4813 | D:5      | Reached XP level 8. HP: 51/62 MP: 8/8
  4960 | D:5      | Identified the +6 hand axe "Leviticus" {vorpal, rC++ Int+4}
  5122 | D:6      | Noticed Edmund
  5129 | D:6      | Killed Edmund
  5130 | D:6      | Reached skill level 6 in Long Blades
  5250 | D:6      | Reached skill level 5 in Armour
  5250 | D:6      | Reached skill level 5 in Shields
  5657 | D:6      | Found a basalt altar of Yredelemnul.
  5767 | D:6      | Found a broken altar of Ashenzari.
  5771 | D:6      | Reached skill level 7 in Long Blades
  5930 | D:7      | Gained mutation: You have hoof-like feet. [demonic
                  | ancestry]
  5930 | D:7      | Reached XP level 9. HP: 69/69 MP: 9/9
  6041 | D:7      | Learned a level 2 spell: Blink
  6054 | D:7      | Found a staircase to the Ecumenical Temple.
  6069 | Temple   | Entered the Ecumenical Temple
  6220 | Temple   | Became a worshipper of Warmaster Okawaru
  6300 | D:7      | Reached skill level 1 in Translocations
  6773 | D:8      | Reached * piety under Okawaru
  6818 | D:8      | Found a flagged portal.
  6830 | Bailey   | Entered a bailey
  7253 | Bailey   | Reached skill level 8 in Long Blades
  7361 | Bailey   | Noticed an orc knight
  7384 | Bailey   | Slain by an orc knight

Illustrated notes

Levels and vault maps discovered:
D:1:      erik_arrival_cave_to_civilisation [erik_arrival_cave_to_hall],
          layout_loops_corners, dreamdust_ecumenical_altar_hidden_monk_grotto,
          serial_shops, shop
D:2:      layout_basic, basic_altar, uniq_robin
D:3:      layout_loops_ring, minmay_large_rounded_square, uniq_grinder
D:4:      kennysheep_the_goblin_king, layout_rooms, lemuel_tele_altar,
          columned_hall_lemuel, minmay_misc_feat_alley,
          kennysheep_generic_room_9, uniq_natasha
D:5:      layout_basic, serial_shops, nicolae_shop_hallway_plus
D:6:      layout_rooms, mainiacjoe_overflow_tiny_flanked,
          mainiacjoe_overflow_chevrons, nicolae_concentric_dashed_squares_mild,
          uniq_edmund
D:7:      layout_basic, minmay_temple_entry_oklob
D:8:      minmay_clustersquares, layout_basic, enter_bailey_3, uniq_psyche
Temple:   hellmonk_temple_of_storms
Bailey:   bailey_polearm_elven_captive_hellmonk, bailey

Skill      XL: |  1  2  3  4  5  6  7  8  9 |
---------------+----------------------------+-----
Long Blades    | 2 3 4 5 7 8 |  8.2
Armour         | 3 4 5 6 |  6.0
Shields        | 3 4 5 6 |  6.0
Fighting       | 4 5 6 |  6.8
Translocations | 3 |  3.6

Action                   |  1- 3 |  4- 6 |  7- 9 || total
-------------------------+-------+-------+-------++-------
Melee: Long sword        |   100 |    54 |   299 ||   453
       Kick              |    17 |    14 |   107 ||   138
Evoke: Wand              |       |     5 |    13 ||    18
  Use: Scroll            |       |     3 |     6 ||     9
       Potion            |       |       |     2 ||     2
 Stab: Paralysed         |       |       |     9 ||     9
Armor: Scale mail        |    40 |     1 |       ||    41
       Chain mail        |       |    29 |   146 ||   175
Dodge: Dodged            |    44 |    16 |    65 ||   125
Block: Buckler           |    24 |    15 |    77 ||   116
